 Dungeon Crawl Stone Soup version 0.31-a0-202-g547052bce9 (webtiles) character file.

Game seed: 7767455150190030306

601 qw the Skirmisher (level 7, 0/40 HPs)
             Began as a Deep Elf Hunter on June 26, 2023.
             Was a Follower of Okawaru.
             Slain by Duvessa
             ... wielding a +0 rapier
              (6 damage)
             ... on level 5 of the Dungeon.
             The game lasted 00:01:20 (3295 turns).

qw the Skirmisher (Deep Elf Hunter)                 Turns: 3295, Time: 00:01:20

Health: 0/40       AC: 11    Str: 10    XL:     7   Next: 18%
Magic:  8/10       EV: 14    Int: 14    God:    Okawaru [*.....]
Gold:   210        SH:  0    Dex: 18    Spells: 6/6 levels left

rFire   . . .        Y - +2 shortbow (drain)
rCold   + . .        (shield currently unavailable)
rNeg    . . .        l - +0 ring mail
rPois   .            d - +0 helmet
rElec   .            h - +0 cloak
rCorr   .            k - +1 pair of gloves
SInv    +            (no boots)
Will    .....        (no amulet)
Stlth   +++          f - ring of protection from cold
HPRegen 0.26/turn    j - ring of see invisible
MPRegen 0.12/turn

%: no passive effects
@: heroic
A: no striking features
a: Renounce Religion, Heroism


You were on level 5 of the Dungeon.
You worshipped Okawaru.
Okawaru was aware of your devotion.
You visited 2 branches of the dungeon, and saw 7 of its levels.

You collected 210 gold pieces.


   Skills:
 - Level 2.0(7.0) Fighting
 + Level 10.2(15.2) Ranged Weapons
 - Level 1.6(6.6) Armour
 - Level 3.0(8.0) Dodging
 - Level 1.2(6.2) Stealth
 + Level 2.0 Invocations


You had 6 spell levels left.
You didn't know any spells.
Your spell library was empty.

Inventory:

Hand Weapons
 Y - a +2 shortbow of draining (weapon)
Armour
 d - a +0 helmet (worn)
 h - a +0 cloak (worn)
 k - a +1 pair of gloves (worn)
 l - a +0 ring mail (worn)
Jewellery
 f - a ring of protection from cold (left hand)
 j - a ring of see invisible (right hand)
 n - a ring of resist corrosion
Scrolls
 e - a scroll of teleportation
Potions
 b - a potion of attraction {unknown}
 c - a potion of brilliance {unknown}
 g - 2 potions of curing {unknown}
 m - a potion of might

Dungeon Overview and Level Annotations

Branches:
Dungeon (6/15)             Temple (1/1) D:4

Altars:
Cheibriados
Dithmenos
Fedhas
Gozag
Hepliaklqana
Okawaru
Qazlal
Ru
Sif Muna
Uskayaw
Vehumet
Wu Jian
Xom
Yredelemnul
Zin
The Shining One

Shops:
D:1 [   D:3 [

Annotations:
D:4 3 runed translucent doors, qw's ghost, novice DEHu
D:5 Duvessa


Message History

3204 ||| STILL FLEEEEING.
3205 ||| STILL FLEEEEING.
3206 ||| STILL FLEEEEING.
3207 ||| STILL FLEEEEING.
You open the door.
Duvessa and Dowan come into view.
Dowan shouts!
Enter note:
Enter note:
Enter note:
Enter note:
Enter note:
Enter note:
Enter note:
Enter note:
Enter note:
Enter note:
3289 ||| INVOKING Heroism.
You gain the combat prowess of a mighty hero.
You shoot an arrow. The arrow hits Dowan!
You drain Dowan.
Dowan is moderately wounded.
You shoot an arrow. The arrow hits Dowan.
You drain Dowan.
Dowan is almost dead.
Duvessa drinks a potion.
Duvessa seems to grow stronger.
You shoot an arrow. The arrow hits Dowan!
You kill Dowan!
Okawaru accepts your kill.
Duvessa weeps, and shakes her weapon.
Duvessa goes berserk!
Your Invocations skill increases to level 2!
You shoot an arrow. The arrow hits Duvessa.
Duvessa is lightly wounded.
Duvessa hits you with a +0 rapier!
You shoot an arrow. The arrow hits Duvessa.
Duvessa is lightly wounded.
Duvessa hits you with a +0 rapier!
You shoot an arrow. The arrow hits Duvessa!
Duvessa is moderately wounded.
Duvessa hits you with a +0 rapier! Duvessa hits you with a +0 rapier.
You die...

#.# #.###### #.#
#.#
#......##########.#
#.#
#.####.........##.#
#w# #.#
#.#######....# #.#
#.# #....# ######
#.# #.# #.##.#
...... #.# #.#
+#+##.##.# ......
..# #.#....}#....#
###### ###
#@e....8#.##.#
#.#....}#.##.#
#.#######.##.#
#.........##.#
##...........#
#.########### #.#
#.# #.#


You could see Duvessa (berserk, strong).

Vanquished Creatures
  A centaur (D:6)
  Dowan (D:5)
  A howler monkey (D:4)
  An orc priest (D:6)
  3 hounds (D:5)
  A sleepcap (D:5)
  An iguana (D:5)
  2 orc wizards (D:5)
  5 gnolls
  7 adders
  2 ufetubi (D:5)
  2 worms
  A dart slug (D:3)
  13 orcs
  4 endoplasms
  3 giant cockroaches
  6 goblins
  5 hobgoblins
  2 quokkas (D:1)
  12 ball pythons
  7 bats
  2 frilled lizards (D:1)
  5 kobolds
  6 rats
93 creatures vanquished.

Notes
Turn   | Place    | Note
-------+----------+-------------------------------------------
     0 | D:1      | qw the Deep Elf Hunter began the quest for the Orb.
     0 | D:1      | Reached XP level 1. HP: 12/12 MP: 3/3
     0 | D:1      | 0 ||| qw: Version: 0.3-a-22-g0ed2b0b
     0 | D:1      | 0 ||| qw: Game counter: 6122
     0 | D:1      | 0 ||| qw: Melee chars always use a shield: true
     0 | D:1      | 0 ||| qw: God list: Okawaru
     0 | D:1      | 0 ||| qw: Allow faded altars: false
     0 | D:1      | 0 ||| qw: Do Orc after clearing Dungeon:15 true
     0 | D:1      | 0 ||| qw: Do second Lair branch before Depths: true
     0 | D:1      | 0 ||| qw: Lair rune preference: random
     0 | D:1      | 0 ||| qw: Goals: Normal
     0 | D:1      | 0 ||| PLANNING D:1-11
    59 | D:1      | Reached skill level 6 in Ranged Weapons
    59 | D:1      | Reached XP level 2. HP: 16/16 MP: 4/4
   255 | D:1      | Found a faded altar of an unknown god.
   321 | D:1      | Found Imas's Antique Armour Shoppe.
   328 | D:1      | 328 ||| SHOPLISTING bloodstained leather armour (119 gold,
                  | have 34).
   328 | D:1      | 328 ||| SHOPLISTING helmet (76 gold, have 34).
   328 | D:1      | 328 ||| SHOPLISTING pair of boots (76 gold, have 34).
   328 | D:1      | 328 ||| SHOPLISTING ring mail (68 gold, have 34).
   328 | D:1      | 328 ||| SHOPLISTING runed leather armour (85 gold, have
                  | 34).
   328 | D:1      | 328 ||| SHOPLISTING scale mail (68 gold, have 34).
   516 | D:1      | 516 ||| UPGRADING to ring of protection from cold.
   517 | D:1      | 517 ||| READING scroll labelled GICYUPLIGEA.
   518 | D:1      | 518 ||| READING scroll labelled SAINEGOISM.
   519 | D:1      | 519 ||| DROPPING scroll of butterflies.
   533 | D:2      | Identified the +2 dagger "Iruk" {heavy, Str+5}
   537 | D:2      | Reached XP level 3. HP: 20/20 MP: 5/5
   581 | D:2      | Found a snail-covered altar of Cheibriados.
   688 | D:2      | Reached skill level 7 in Ranged Weapons
  1091 | D:2      | 1091 ||| UPGRADING to +0 helmet.
  1096 | D:2      | 1096 ||| READING scroll labelled QAIQ QOMMUR.
  1097 | D:2      | 1097 ||| READING scroll labelled JARHUSOBBO.
  1098 | D:2      | 1098 ||| READING scroll labelled BOCOHYQEMU.
  1099 | D:2      | 1099 ||| READING scroll labelled DYOWES IPSURE.
  1125 | D:3      | Found a shimmering blue altar of Sif Muna.
  1134 | D:3      | Reached XP level 4. HP: 25/25 MP: 6/6
  1149 | D:3      | Reached skill level 8 in Ranged Weapons
  1359 | D:3      | Found Keumatz's Antique Armour Emporium.
  1379 | D:3      | 1379 ||| SHOPLISTING heavily runed ring mail (243 gold,
                  | have 106).
  1379 | D:3      | 1379 ||| SHOPLISTING ring mail (108 gold, have 106).
  1418 | D:3      | Found a stormy altar of Qazlal.
  1590 | D:3      | 1590 ||| UPGRADING to +0 cloak.
  1595 | D:3      | 1595 ||| UPGRADING to +0 scale mail.
  1605 | D:3      | 1605 ||| DROPPING +0 leather armour.
  1606 | D:3      | 1606 ||| UPGRADING to ring of see invisible.
  1647 | D:4      | Reached XP level 5. HP: 29/29 MP: 7/7
  1652 | D:4      | Found a staircase to the Ecumenical Temple.
  1653 | D:4      | 1653 ||| PLANNING TEMPLE
  1666 | Temple   | Entered the Ecumenical Temple
  1689 | Temple   | 1689 ||| PLANNING OKAWARU WORSHIP
  1932 | Temple   | Became a worshipper of Warmaster Okawaru
  1933 | Temple   | 1933 ||| PLANNING D:1-11
  2040 | D:4      | Reached skill level 1 in Armour
  2052 | D:4      | Identified the +1 robe of Proximity {MP+9 Str+3 Dex-4}
  2189 | D:4      | Found a runed translucent gate.
  2201 | D:4      | Found a runed translucent gate.
  2202 | D:4      | Found a runed translucent gate.
  2203 | D:4      | Noticed qw's ghost (novice DEHu)
  2334 | D:4      | 2334 ||| UPGRADING to +0 ring mail.
  2344 | D:4      | 2344 ||| DROPPING +0 scale mail.
  2345 | D:4      | 2345 ||| DROPPING +1 robe of Proximity {MP+9 Str+3 Dex-4}.
  2346 | D:4      | 2346 ||| READING scroll labelled NOASAZ NOLE.
  2347 | D:4      | 2347 ||| DRINKING 2 sapphire potions.
  2387 | D:5      | Entered Level 5 of the Dungeon
  2473 | D:5      | HP: 7/29 [orc/+0 club (1)]
  2474 | D:5      | 2474 ||| READING 2 scrolls of teleportation.
  2475 | D:5      | 2475 ||| DRINKING potion of heal wounds.
  2513 | D:5      | Reached skill level 9 in Ranged Weapons
  2513 | D:5      | Reached XP level 6. HP: 34/34 MP: 8/8
  2725 | D:5      | You fall into a shaft and drop 1 floor!
  2741 | D:6      | Reached * piety under Okawaru
  2751 | D:6      | 2751 ||| INVOKING Heroism.
  2889 | D:6      | 2889 ||| INVOKING Heroism.
  2939 | D:6      | 2939 ||| UPGRADING to +1 pair of gloves.
  2944 | D:6      | 2944 ||| DROPPING ring of wizardry.
  2945 | D:6      | 2945 ||| READING scroll labelled WERABLURR EDGHA.
  2946 | D:6      | 2946 ||| READING scroll labelled POB VUESIA.
  2947 | D:6      | 2947 ||| DRINKING 2 bubbling grey potions.
  2973 | D:6      | 2973 ||| DROPPING potion of lignification.
  3019 | D:5      | Reached skill level 10 in Ranged Weapons
  3053 | D:5      | Reached skill level 3 in Dodging
  3092 | D:5      | Reached skill level 1 in Invocations
  3092 | D:5      | Reached XP level 7. HP: 37/40 MP: 9/9
  3110 | D:5      | 3110 ||| READING scroll of enchant weapon.
  3110 | D:5      | 3110 ||| ENCHANTING +1 shortbow of draining.
  3201 | D:5      | 3201 ||| FLEEEEING.
  3288 | D:5      | Noticed Duvessa
  3288 | D:5      | Noticed Dowan
  3289 | D:5      | 3289 ||| INVOKING Heroism.
  3292 | D:5      | Killed Dowan
  3295 | D:5      | HP: 6/40 [Duvessa/+0 rapier (11)]
  3295 | D:5      | Slain by Duvessa

Levels and vault maps discovered:
D:1:      dpeg_arrival_tiny_a, layout_rooms, serial_shops,
          nicolae_shop_competitors_out_of_business,
          nicolae_ecumenical_lake_church, hangedman_abyss_or_decor_lesser_grid
D:2:      layout_loops_ring, basic_altar
D:3:      layout_basic, lemuel_tele_altar, general_overflow_altar, serial_shops,
          shop
D:4:      layout_gridville, minmay_temple_entry_glass, ebering_ghost_rock_garden
D:5:      dreamdust_elfheim, layout_loops_ring
D:6:      minmay_skewed_foursquare, layout_basic, old_standard_altar
Temple:   minmay_temple_curvy_branch

Skill      XL: |  1  2  3  4  5  6  7 |
---------------+----------------------+-----
Ranged Weapons | 6 7 8 9 10 | 10.2
Armour         | 1 |  1.6
Fighting       | 2 |  2.0
Dodging        | 3 |  3.0
Invocations    | 1 2 |  2.0
Stealth        | |  1.2

Action                     |  1- 3 |  4- 6 |  7- 9 || total
---------------------------+-------+-------+-------++-------
   Fire: Shortbow          |    81 |   150 |    11 ||   242
 Invoke: Heroism           |       |     2 |     1 ||     3
    Use: Scroll            |     6 |     4 |     1 ||    11
         Potion            |       |     3 |       ||     3
 Armour: Leather armour    |     4 |     6 |       ||    10
         Scale mail        |       |     1 |       ||     1
         Ring mail         |       |    23 |       ||    23
  Dodge: Dodged            |    16 |    39 |       ||    55

Table legend:
 A = Non-vault XP
 B = Vault XP
 C = Vault XP percentage of total XP
 D = Non-vault monster count
 E = Vault monster count
 F = Vault count percentage of total count
                 A         B        C        D         E       F
            +---------+---------+-------+---------+---------+-------
      Total |     623 |     236 |  27.5 |      89 |       4 |   4.3
            +---------+---------+-------+---------+---------+-------
        D:1 |      34 |       0 |   0.0 |      24 |       0 |   0.0
        D:2 |      58 |       0 |   0.0 |      14 |       0 |   0.0
        D:3 |      88 |       0 |   0.0 |      19 |       0 |   0.0
        D:4 |      86 |       0 |   0.0 |      10 |       0 |   0.0
        D:5 |     357 |      73 |  17.0 |      22 |       1 |   4.3
        D:6 |       0 |     163 | 100.0 |       0 |       3 | 100.0
            +---------+---------+-------+---------+---------+-------
